 Dungeon Crawl Stone Soup version 0.21.1-1-g345015fe64 (webtiles) character file.

140 Balth the Vexing (level 5, -12/40 HPs)
             Began as a Gnoll Arcane Marksman on Mar 31, 2018.
             Mangled by tensugalgo's ghost (18 damage)
             ... on level 4 of the Dungeon.
             The game lasted 00:05:37 (2012 turns).

Balth the Vexing (Gnoll Arcane Marksman)            Turns: 2012, Time: 00:05:38

Health: -12/40     AC:  2    Str: 18    XL:     5   Next: 23%
Magic:  0/9        EV: 15    Int: 16    God:
Gold:   163        SH:  0    Dex: 15    Spells: 1/10 levels left

rFire    . . .     SeeInvis .   b - +0 club
rCold    . . .     Gourm    .   (no shield)
rNeg     . . .     Faith    .   e - +0 robe
rPois    .         Spirit   +   (no helmet)
rElec    .         Reflect  .   (no cloak)
rCorr    .         Harm     .   (no gloves)
MR       .....                  (no boots)
Stlth    ++........             r - amulet of guardian spirit
HPRegen  0.13/turn              (no ring)
MPRegen  0.11/turn              (no ring)

@: mighty
A: distributed training, fangs 1, strong nose
a: no special abilities


You were on level 4 of the Dungeon.
You were not hungry.

You visited 1 branch of the dungeon, and saw 4 of its levels.

You collected 163 gold pieces.

Inventory:

Hand Weapons
 a - a +0 shortbow
 b - a +0 club (weapon)
Missiles
 d - 9 arrows
 i - 6 javelins (quivered)
 m - 23 poisoned needles
 s - 45 bolts
Armour
 e - a +0 robe (worn)
Jewellery
 r - an amulet of guardian spirit (around neck)
Scrolls
 h - 4 scrolls of identify
Potions
 j - 2 potions of degeneration {unknown}
 k - a potion of flight {unknown}
 n - a potion of agility {unknown}
 o - 3 potions of curing {unknown}
 t - a potion of mutation {unknown}
 v - 2 potions of ambrosia {unknown}
Books
 c - a book of Debilitation

   Spells                             Type                      Level
   a - Corona                         Hexes                        1
   b - Slow                           Hexes                        2
   c - Inner Flame                    Hexes/Fire                   3
   d - Portal Projectile              Hexes/Translocation          3
   e - Cause Fear                     Hexes                        4
   f - Leda's Liquefaction            Hexes/Earth                  4
Comestibles
 f - 5 rations


   Skills:
 + Level 2.9 Fighting
 + Level 1.4 Short Blades
 + Level 1.4 Long Blades
 + Level 1.4 Axes
 + Level 1.4 Maces & Flails
 + Level 1.4 Polearms
 + Level 1.4 Staves
 + Level 1.4 Slings
 + Level 4.7 Bows
 + Level 1.4 Crossbows
 + Level 1.4 Throwing
 + Level 1.4 Armour
 + Level 4.7 Dodging
 + Level 1.4 Stealth
 + Level 1.4 Shields
 + Level 1.4 Unarmed Combat
 + Level 3.1 Spellcasting
 + Level 1.1 Conjurations
 + Level 5.5 Hexes
 + Level 1.1 Charms
 + Level 1.1 Summonings
 + Level 1.1 Necromancy
 + Level 1.1 Translocations
 + Level 1.1 Transmutations
 + Level 1.1 Fire Magic
 + Level 1.1 Ice Magic
 + Level 1.1 Air Magic
 + Level 1.1 Earth Magic
 + Level 1.1 Poison Magic
 + Level 1.5 Invocations
 + Level 1.4 Evocations


You had one spell level left.
You knew the following spells:

 Your Spells              Type           Power        Failure   Level  Hunger
a - Corona                Hex            ###....      1%          1    None
b - Slow                  Hex            ###.....     2%          2    ##.....
c - Inner Flame           Hex/Fire       ##......     14%         3    ###....
d - Portal Projectile     Hex/Tloc       ##....       14%         3    ###....


Dungeon Overview and Level Annotations

Branches:
Dungeon (4/15)
 Temple: D:4-7

Altars:
Dithmenos
Uskayaw

Annotations:
D:4 tensugalgo's ghost, amateur NaBe


Innate Abilities, Weirdness & Mutations

Your experience applies equally to all skills.
You have very sharp teeth.
Your uncanny sense of smell can sniff out nearby items.


Message History

You finish memorising.
Spell assigned to 'c'.
Memorise Portal Projectile, consuming 3 spell levels and leaving 1?
You start memorising the spell.
You continue memorising. x3
You finish memorising.
Spell assigned to 'd'.
It was a potion of might.
You feel very mighty all of a sudden.
You climb downwards.
Level annotation: tensugalgo's ghost, amateur NaBe Tensugalgo's ghost hits you!
A quokka comes into view.
There is a stone staircase leading up, spattered with blood here.
b - a +0 club (weapon)
Tensugalgo's ghost hits you!
You hit tensugalgo's ghost but do no damage.
Tensugalgo's ghost hits you!
* * * LOW HITPOINT WARNING * * *
You hit tensugalgo's ghost.
Tensugalgo's ghost is lightly damaged.
Tensugalgo's ghost hits you!!
You die...

# .# ##.# #...#
. ...## ...∆
....##
.....####.....##
....r..@W.......
..(#.#####....##
#.## ∆ #


You could see tensugalgo's ghost and a quokka.

Vanquished Creatures
  Jessica (D:2)
  A howler monkey skeleton (D:3)
  5 adders
  An ooze (D:3)
  2 worms
  2 leopard geckos
  7 bats (D:1)
  A giant cockroach (D:3)
  5 goblins
  7 hobgoblins
  2 ball pythons
  6 frilled lizards
  9 kobolds
  3 rats
52 creatures vanquished.

Notes
Turn   | Place    | Note
-------+----------+-------------------------------------------
     0 | D:1      | Balth the Gnoll Arcane Marksman began the quest for the Orb.
     0 | D:1      | Reached XP level 1. HP: 17/17 MP: 4/4
   165 | D:1      | Reached XP level 2. HP: 23/23 MP: 5/5
   562 | D:1      | Reached XP level 3. HP: 28/28 MP: 7/7
   729 | D:2      | Found a shadowy altar of Dithmenos.
   746 | D:2      | Reached skill level 1 in Invocations
   856 | D:2      | Noticed Jessica
   867 | D:2      | Killed Jessica
   867 | D:2      | Reached skill level 1 in Short Blades
   867 | D:2      | Reached skill level 1 in Long Blades
   867 | D:2      | Reached skill level 1 in Axes
   867 | D:2      | Reached skill level 1 in Maces & Flails
   867 | D:2      | Reached skill level 1 in Polearms
   867 | D:2      | Reached skill level 1 in Staves
   867 | D:2      | Reached skill level 1 in Slings
   867 | D:2      | Reached skill level 1 in Crossbows
   867 | D:2      | Reached skill level 1 in Throwing
   867 | D:2      | Reached skill level 1 in Armour
   867 | D:2      | Reached skill level 1 in Stealth
   867 | D:2      | Reached skill level 1 in Shields
   867 | D:2      | Reached skill level 1 in Unarmed Combat
   867 | D:2      | Reached skill level 1 in Evocations
   867 | D:2      | Reached XP level 4. HP: 28/34 MP: 8/8
  1112 | D:2      | Reached skill level 1 in Conjurations
  1112 | D:2      | Reached skill level 1 in Charms
  1112 | D:2      | Reached skill level 1 in Summonings
  1112 | D:2      | Reached skill level 1 in Necromancy
  1112 | D:2      | Reached skill level 1 in Translocations
  1112 | D:2      | Reached skill level 1 in Transmutations
  1112 | D:2      | Reached skill level 1 in Fire Magic
  1112 | D:2      | Reached skill level 1 in Ice Magic
  1112 | D:2      | Reached skill level 1 in Air Magic
  1112 | D:2      | Reached skill level 1 in Earth Magic
  1112 | D:2      | Reached skill level 1 in Poison Magic
  1346 | D:3      | Reached XP level 5. HP: 40/40 MP: 9/9
  1937 | D:3      | Found a hide-covered altar of Uskayaw.
  1987 | D:4      | Noticed tensugalgo's ghost (amateur NaBe)
  1999 | D:3      | Learned a level 2 spell: Slow
  2003 | D:3      | Learned a level 3 spell: Inner Flame
  2007 | D:3      | Learned a level 3 spell: Portal Projectile
  2012 | D:4      | Mangled by tensugalgo's ghost

Skill      XL: |  1  2  3  4 |
---------------+-------------+-----
Invocations    | 1 |  1.5
Short Blades   | 1 |  1.4
Long Blades    | 1 |  1.4
Axes           | 1 |  1.4
Maces & Flails | 1 |  1.4
Polearms       | 1 |  1.4
Staves         | 1 |  1.4
Slings         | 1 |  1.4
Crossbows      | 1 |  1.4
Throwing       | 1 |  1.4
Armour         | 1 |  1.4
Stealth        | 1 |  1.4
Shields        | 1 |  1.4
Unarmed Combat | 1 |  1.4
Spellcasting   | 3 |  3.1
Evocations     | 1 |  1.4
Conjurations   | 1 |  1.1
Charms         | 1 |  1.1
Summonings     | 1 |  1.1
Necromancy     | 1 |  1.1
Translocations | 1 |  1.1
Transmutations | 1 |  1.1
Fire Magic     | 1 |  1.1
Ice Magic      | 1 |  1.1
Air Magic      | 1 |  1.1
Earth Magic    | 1 |  1.1
Poison Magic   | 1 |  1.1
Fighting       | |  2.9
Bows           | |  4.7
Dodging        | |  4.7
Hexes          | |  5.5

Action                   |  1- 3 |  4- 6 || total
-------------------------+-------+-------++-------
Melee: Club              |       |     2 ||     2
 Fire: Shortbow          |    98 |    60 ||   158
Throw: Javelin           |       |     3 ||     3
 Cast: Corona            |     1 |       ||     1
  Use: Scroll            |       |     5 ||     5
       Potion            |       |     1 ||     1
  Eat: Chunk             |       |     1 ||     1
       Ration            |       |     1 ||     1
Armor: Robe              |     4 |     3 ||     7
Dodge: Dodged            |    38 |    18 ||    56
